 Dungeon Crawl Stone Soup version 0.27-a0-909-g0721f309d1 (webtiles) character file.

Game seed: 6809786895153761645

7722 robertstho the Frost Mage (level 11, -5/81 HPs)
             Began as a Gnoll Ice Elementalist on Apr 8, 2021.
             Was a Follower of Sif Muna.
             Slain by a death yak (16 damage)
             ... on level 10 of the Dungeon.
             The game lasted 00:17:23 (11917 turns).

robertstho the Frost Mage (Gnoll Ice Elementalist) Turns: 11917, Time: 00:17:23

Health: -5/81      AC:  9    Str:  9    XL:     11   Next: 19%
Magic:  4/31       EV: 14    Int: 17    God:    Sif Muna [*.....]
Gold:   469        SH:  0    Dex: 12    Spells: 10/25 levels left

rFire    + . .     SeeInvis .   o - +1 battleaxe (elec)
rCold    x . .     Faith    .   (shield currently unavailable)
rNeg     + . .     Spirit   .   n - +3 leather armour of Weirdness {rElec rCorr MP+9}
rPois    .         Reflect  .   (no helmet)
rElec    +         Harm     .   D - +0 cloak
rCorr    +         Rampage  .   (no gloves)
Will     .....                  j - +0 pair of boots
Stlth    +++.......             (no amulet)
HPRegen  0.23/turn              e - ring of positive energy
MPRegen  0.22/turn              F - ring of fire

@: no status effects
A: fangs 1, strong nose, distributed training
a: Renounce Religion, Channel Magic


You were on level 10 of the Dungeon.
You worshipped Sif Muna.
Sif Muna was aware of your devotion.
You visited 2 branches of the dungeon, and saw 11 of its levels.

You collected 469 gold pieces.

Inventory:

Hand Weapons
 b - a +0 dagger
 i - a +1 short sword of speed
 o - a +1 battleaxe of electrocution (weapon)
 A - a +1 war axe of venom
Missiles
 c - a throwing net
 p - 5 boomerangs of dispersal
 r - a curare-tipped dart
Armour
 j - a +0 pair of boots (worn)
 n - the +3 leather armour of Weirdness (worn) {rElec rCorr MP+9}
   (You found it on level 6 of the Dungeon)

   It insulates you from electricity.
   It affects your magic capacity (+9).
   It protects you from acid and corrosion.
 D - a +0 cloak (worn)
 E - the +2 robe "Pumeb" {Fly}
   (You found it on level 8 of the Dungeon)

   It grants you flight.
Jewellery
 e - a ring of positive energy (left hand)
 F - a ring of fire (right hand)
 I - an amulet of faith
Wands
 g - a wand of mindburst (4)
 u - a wand of random effects (13)
 H - a wand of polymorph (12)
Scrolls
 a - a scroll of magic mapping {unknown}
 d - 3 scrolls of teleportation {unknown}
 f - 2 scrolls of vulnerability
 h - a scroll of enchant weapon
 m - 3 scrolls of enchant armour
 q - 3 scrolls of blinking
 v - 3 scrolls of fog
 x - a scroll of brand weapon
 y - 2 scrolls of immolation
 B - 2 scrolls of silence
Potions
 k - 2 potions of flight
 l - a potion of lignification
 s - 2 potions of brilliance
 t - a potion of cancellation
 w - a potion of heal wounds
 z - 3 potions of curing
 C - a potion of attraction


   Skills:
 + Level 6.0 Fighting
 + Level 6.0 Short Blades
 + Level 6.0 Long Blades
 + Level 6.0 Axes
 + Level 6.0 Maces & Flails
 + Level 6.0 Polearms
 + Level 6.0 Staves
 + Level 6.0 Slings
 + Level 6.0 Bows
 + Level 6.0 Crossbows
 + Level 6.0 Throwing
 + Level 6.0 Armour
 + Level 7.7 Dodging
 + Level 7.4 Stealth
 + Level 6.0 Shields
 + Level 6.0 Unarmed Combat
 + Level 7.9 Spellcasting
 + Level 5.0 Conjurations
 + Level 5.0 Hexes
 + Level 5.0 Summonings
 + Level 5.0 Necromancy
 + Level 5.0 Translocations
 + Level 5.0 Transmutations
 + Level 5.0 Fire Magic
 + Level 8.8 Ice Magic
 + Level 5.0 Air Magic
 + Level 5.0 Earth Magic
 + Level 5.0 Poison Magic
 + Level 6.6 Invocations
 + Level 6.0 Evocations


You had 10 spell levels left.
You knew the following spells:

 Your Spells              Type           Power      Damage    Failure   Level
a - Freeze                Ice            100%       1d11      1%          1
b - Frozen Ramparts       Ice            72%        1d9       1%          3
c - Ozocubu's Armour      Ice            36%        N/A       1%          3
d - Hailstorm             Conj/Ice       30%        3d8       8%          4
e - Summon Ice Beast      Ice/Summ       30%        N/A       8%          4

Your spell library contained the following spells:

 Spells                   Type           Power      Damage    Failure   Level
 Cause Fear               Hex            11%        N/A       17%         4
 Bolt of Magma            Conj/Fire/Erth 17%        4d9       43%         5
 Iskenderun's Battlesphe  Conj           23%        2d8       43%         5
 Silence                  Hex/Air        11%        N/A       43%         5
 Yara's Violent Unravell  Hex/Tmut       11%        3d6       43%         5
 Iron Shot                Conj/Erth      11%        9d3       95%         6
 Orb of Destruction       Conj           11%        9d5       100%        7
 Spellforged Servitor     Conj/Summ      11%        N/A       100%        7
 Discord                  Hex            11%        N/A       100%        8


Dungeon Overview and Level Annotations

Branches:
Dungeon (10/15)            Temple (1/1) D:4            Lair (0/6) D:10
    Orc: D:9-12

Altars:
Ashenzari
Cheibriados
Dithmenos
Elyvilon
Fedhas
Gozag
Hepliaklqana
Kikubaaqudgha
Makhleb
Nemelex Xobeh
Okawaru
Qazlal
Ru
Sif Muna
Trog
Uskayaw
Vehumet
Wu Jian
Xom
Yredelemnul
Zin
The Shining One

Shops:
D:1 (   D:9 (


Innate Abilities, Weirdness & Mutations

You have very sharp teeth.
Your uncanny sense of smell can sniff out nearby items.
Your experience applies equally to all skills.


Message History

Confirm with . or Enter, or press ? or * to list all spells.
Casting: Hailstorm (dangerous; 9% risk of failure)
Press: ? - help, Dir - look around, f - activate A cannonade of hail descends around you!
The hail pelts the troll!
You kill the troll!
Sif Muna accepts your kill.
The wall freezes the death yak!
The death yak closely misses you.
Unknown command.
Unknown command.
Aiming: Mindburst
Press: ? - help, Shift-Dir - straight line, f - death yak
Aim: a death yak (heavily wounded, chance to affect: 22%)
The death yak resists with almost no effort.
The wall freezes the death yak!
The death yak barely misses you.
Unknown command.
Aiming: Mindburst
Press: ? - help, Shift-Dir - straight line, f/p - death yak
Aim: a death yak (severely wounded, chance to affect: 22%)
The death yak resists with almost no effort.
The frozen ramparts melt away.
The death yak completely misses you.
Unknown command.
Aiming: Mindburst
Press: ? - help, Shift-Dir - straight line, f/p - death yak
Aim: a death yak (severely wounded, chance to affect: 22%)
The death yak resists with almost no effort.
The death yak misses you.
Unknown command.
Aiming: Mindburst
Press: ? - help, Shift-Dir - straight line, f/p - death yak
Aim: a death yak (severely wounded, chance to affect: 22%)
The death yak resists with almost no effort.
The death yak gores you!
* * * LOW HITPOINT WARNING * * *
Unknown command.
Aiming: Mindburst
Press: ? - help, Shift-Dir - straight line, f/p - death yak
Aim: a death yak (severely wounded, chance to affect: 22%)
The death yak's mind is blasted!!
The death yak gores you!
You die...

#...........#
#...........#
.........†###.#
##........# .#
#......).# #
#........#
#......)†#
#..#####Y# #..
#@# #.!......
#.....###
#.....# #.....#
#.....# #...."#
#.....#


You could see a death yak.

Vanquished Creatures
  A boulder beetle (D:8)
  A two-headed ogre (D:9)
  A death yak (D:10)
  Pikel (D:5)
  A troll (D:10)
  A hornet (D:9)
  5 yaks
  2 water moccasins
  An orc warrior (D:8)
  A necrophage (D:7)
  A sky beast (D:6)
  3 ogres
  2 centaurs
  3 lemures (D:5)
  A phantom (D:7)
  2 kobold brigands
  3 bullfrogs
  A scorpion (D:5)
  A water moccasin zombie (D:6)
  A wyvern skeleton (D:7)
  3 wights (D:8)
  A howler monkey (D:7)
  A bullfrog zombie (D:6)
  4 centaur zombies
  A jelly (D:5)
  A centaur skeleton (D:7)
  A hound (D:4)
  3 orc priests (D:5)
  Crazy Yiuf (D:7)
  An iron imp (D:5)
  5 iguanas
  Ijyb (D:3)
  10 orc wizards
  A hound skeleton (D:4)
  A howler monkey zombie (D:9)
  3 gnolls (D:3)
  A howler monkey skeleton (D:7)
  A river rat (D:10)
  8 adders
  2 white imps (D:6)
  2 ufetubi (D:5)
  A worm (D:2)
  4 dart slugs
  22 orcs
  4 endoplasms
  2 giant cockroaches (D:1)
  3 goblins
  9 hobgoblins
  13 kobolds
  5 quokkas
  6 ball pythons
  3 bats
  4 rats
161 creatures vanquished.

Vanquished Creatures (collateral kills)
  A death yak (D:10)
  A cyclops (D:8)
  7 yaks
  A steam dragon (D:8)
  A sky beast (D:6)
  3 bullfrogs
  2 wights (D:8)
  A centaur zombie (D:9)
  A hound (D:6)
  2 orc wizards
  2 orcs
  3 kobolds (D:9)
  A quokka (D:10)
26 creatures vanquished.

Grand Total: 187 creatures vanquished

Notes
Turn   | Place    | Note
-------+----------+-------------------------------------------
     0 | D:1      | robertstho the Gnoll Ice Elementalist began the quest for
                  | the Orb.
     0 | D:1      | Reached XP level 1. HP: 13/13 MP: 6/6
    20 | D:1      | Found a faded altar of an unknown god.
   161 | D:1      | Reached XP level 2. HP: 18/19 MP: 4/7
   303 | D:1      | Found Firice's Antique Weapon Shop.
   672 | D:2      | Reached XP level 3. HP: 18/25 MP: 6/9
   673 | D:2      | Reached skill level 5 in Spellcasting
  1001 | D:2      | Reached skill level 1 in Invocations
  1078 | D:2      | Found a basalt altar of Yredelemnul.
  1082 | D:2      | Reached skill level 1 in Fighting
  1082 | D:2      | Reached skill level 1 in Short Blades
  1082 | D:2      | Reached skill level 1 in Long Blades
  1082 | D:2      | Reached skill level 1 in Axes
  1082 | D:2      | Reached skill level 1 in Maces & Flails
  1082 | D:2      | Reached skill level 1 in Polearms
  1082 | D:2      | Reached skill level 1 in Staves
  1082 | D:2      | Reached skill level 1 in Slings
  1082 | D:2      | Reached skill level 1 in Bows
  1082 | D:2      | Reached skill level 1 in Crossbows
  1082 | D:2      | Reached skill level 1 in Throwing
  1082 | D:2      | Reached skill level 1 in Armour
  1082 | D:2      | Reached skill level 1 in Shields
  1082 | D:2      | Reached skill level 1 in Unarmed Combat
  1082 | D:2      | Reached skill level 1 in Evocations
  1099 | D:2      | Reached XP level 4. HP: 29/32 MP: 2/11
  1844 | D:4      | Noticed an ogre
  1858 | D:4      | Learned a level 3 spell: Frozen Ramparts
  1862 | D:4      | Learned a level 3 spell: Ozocubu's Armour
  1867 | D:4      | Learned a level 4 spell: Hailstorm
  1879 | D:4      | Killed an ogre
  1880 | D:4      | Reached skill level 1 in Conjurations
  1880 | D:4      | Reached skill level 1 in Hexes
  1880 | D:4      | Reached skill level 1 in Summonings
  1880 | D:4      | Reached skill level 1 in Necromancy
  1880 | D:4      | Reached skill level 1 in Translocations
  1880 | D:4      | Reached skill level 1 in Transmutations
  1880 | D:4      | Reached skill level 1 in Fire Magic
  1880 | D:4      | Reached skill level 1 in Air Magic
  1880 | D:4      | Reached skill level 1 in Earth Magic
  1880 | D:4      | Reached skill level 1 in Poison Magic
  1880 | D:4      | Reached XP level 5. HP: 37/37 MP: 5/12
  2004 | D:4      | Reached XP level 6. HP: 39/44 MP: 6/13
  2196 | D:4      | Found a staircase to the Ecumenical Temple.
  2307 | Temple   | Entered the Ecumenical Temple
  2605 | D:4      | Reached skill level 5 in Dodging
  2626 | D:4      | Reached XP level 7. HP: 50/50 MP: 7/15
  2788 | D:4      | Found an opulent altar of Gozag.
  3218 | D:3      | Found a stormy altar of Qazlal.
  3255 | D:3      | Noticed Ijyb
  3261 | D:3      | Killed Ijyb
  3670 | D:5      | Entered Level 5 of the Dungeon
  3670 | D:5      | Found a snail-covered altar of Cheibriados.
  3683 | D:5      | Reached skill level 5 in Stealth
  3973 | D:5      | Reached XP level 8. HP: 9/57 MP: 10/16
  4275 | D:5      | Noticed Pikel
  4286 | D:5      | Killed Pikel
  5070 | D:5      | Identified the +0 ring mail of Fiager {rF+ Int-4 Dex+5}
  5520 | D:6      | Learned a level 4 spell: Summon Ice Beast
  5766 | D:6      | Reached XP level 9. HP: 57/65 MP: 10/18
  6326 | D:6      | Identified the +3 leather armour of Weirdness {rElec rCorr
                  | MP+9}
  7377 | D:7      | Reached skill level 8 in Ice Magic
  8234 | D:7      | Found a runed translucent door.
  8235 | D:7      | Noticed Crazy Yiuf
  8326 | D:7      | Killed Crazy Yiuf
  9198 | D:8      | Reached skill level 5 in Invocations
  9549 | D:8      | Noticed a cyclops
  9561 | D:8      | Killed a cyclops
  9562 | D:8      | Reached XP level 10. HP: 43/73 MP: 14/20
  9724 | D:8      | Noticed a boulder beetle
  9973 | D:8      | Found a sparkling altar of Nemelex Xobeh.
  9976 | D:8      | Found a shadowy altar of Dithmenos.
 10084 | D:8      | Found a shimmering blue altar of Sif Muna.
 10098 | D:8      | Reached skill level 5 in Fighting
 10098 | D:8      | Reached skill level 5 in Short Blades
 10098 | D:8      | Reached skill level 5 in Long Blades
 10098 | D:8      | Reached skill level 5 in Axes
 10098 | D:8      | Reached skill level 5 in Maces & Flails
 10098 | D:8      | Reached skill level 5 in Polearms
 10098 | D:8      | Reached skill level 5 in Staves
 10098 | D:8      | Reached skill level 5 in Slings
 10098 | D:8      | Reached skill level 5 in Bows
 10098 | D:8      | Reached skill level 5 in Crossbows
 10098 | D:8      | Reached skill level 5 in Throwing
 10098 | D:8      | Reached skill level 5 in Armour
 10098 | D:8      | Reached skill level 5 in Shields
 10098 | D:8      | Reached skill level 5 in Unarmed Combat
 10098 | D:8      | Reached skill level 5 in Evocations
 10103 | D:8      | Became a worshipper of Sif Muna the Loreminder
 10177 | D:8      | Found a hazy altar of Hepliaklqana.
 10287 | D:8      | Killed a boulder beetle
 10423 | D:8      | Identified the +2 robe "Pumeb" {Fly}
 10955 | D:9      | Found a sacrificial altar of Ru.
 11069 | D:9      | Noticed a two-headed ogre
 11079 | D:9      | Killed a two-headed ogre
 11480 | D:9      | Reached * piety under Sif Muna
 11631 | D:9      | Found Cyesur's Antique Weapon Boutique.
 11881 | D:10     | Entered Level 10 of the Dungeon
 11882 | D:10     | Found a staircase to the Lair.
 11884 | D:10     | Noticed a death yak
 11885 | D:10     | Noticed a death yak
 11886 | D:10     | Noticed a death yak
 11907 | D:10     | Killed a death yak
 11908 | D:10     | Reached XP level 11. HP: 45/81 MP: 5/22
 11909 | D:10     | Killed a death yak
 11910 | D:10     | Reached skill level 5 in Conjurations
 11910 | D:10     | Reached skill level 5 in Hexes
 11910 | D:10     | Reached skill level 5 in Summonings
 11910 | D:10     | Reached skill level 5 in Necromancy
 11910 | D:10     | Reached skill level 5 in Translocations
 11910 | D:10     | Reached skill level 5 in Transmutations
 11910 | D:10     | Reached skill level 5 in Fire Magic
 11910 | D:10     | Reached skill level 5 in Air Magic
 11910 | D:10     | Reached skill level 5 in Earth Magic
 11910 | D:10     | Reached skill level 5 in Poison Magic
 11917 | D:10     | Slain by a death yak

Illustrated notes

Levels and vault maps discovered:
D:1:      minmay_arrival_solitary_statue, layout_rooms, basic_ecumenical_altar,
          serial_shops, nicolae_shop_crystal, minmay_pentomino_q2
D:2:      layout_basic, basic_altar, minmay_tiny_reverse_x
D:3:      layout_basic, grunt_qazlal_clouds, uniq_ijyb
D:4:      kennysheep_big_flooded_room, layout_rooms, grunt_gozag_statues,
          minmay_temple_entry_hall
D:5:      layout_loops_cross, slow_altar_1, uniq_pikel
D:6:      layout_gridville, kennysheep_generic_room_5
D:7:      layout_cave_pods, uniq_crazy_yiuf_cottage
D:8:      layout_basic, grunt_temple_overflow_cloverleaf,
          kennysheep_generic_room_9
D:9:      layout_long_grid, nicolae_overflow_crystal_walls, serial_shops,
          nicolae_shop_window_shopping
D:10:     layout_long_grid, dpeg_lair_monsters, enter_bailey_5, uniq_maggie,
          uniq_erica
Temple:   minmay_temple_curvy_branch

Skill      XL: |  1  2  3  4  5  6  7  8  9 10 11 |
---------------+----------------------------------+-----
Spellcasting   | 5 6 7 |  7.9
Invocations    | 1 2 3 4 5 6 |  6.6
Fighting       | 1 2 3 4 5 6 |  6.0
Short Blades   | 1 2 3 4 5 6 |  6.0
Long Blades    | 1 2 3 4 5 6 |  6.0
Axes           | 1 2 3 4 5 6 |  6.0
Maces & Flails | 1 2 3 4 5 6 |  6.0
Polearms       | 1 2 3 4 5 6 |  6.0
Staves         | 1 2 3 4 5 6 |  6.0
Slings         | 1 2 3 4 5 6 |  6.0
Bows           | 1 2 3 4 5 6 |  6.0
Crossbows      | 1 2 3 4 5 6 |  6.0
Throwing       | 1 2 3 4 5 6 |  6.0
Armour         | 1 2 3 4 5 6 |  6.0
Shields        | 1 2 3 4 5 6 |  6.0
Unarmed Combat | 1 2 3 4 5 6 |  6.0
Evocations     | 1 2 3 4 5 6 |  6.0
Conjurations   | 1 2 3 4 5 |  5.0
Hexes          | 1 2 3 4 5 |  5.0
Summonings     | 1 2 3 4 5 |  5.0
Necromancy     | 1 2 3 4 5 |  5.0
Translocations | 1 2 3 4 5 |  5.0
Transmutations | 1 2 3 4 5 |  5.0
Fire Magic     | 1 2 3 4 5 |  5.0
Air Magic      | 1 2 3 4 5 |  5.0
Earth Magic    | 1 2 3 4 5 |  5.0
Poison Magic   | 1 2 3 4 5 |  5.0
Dodging        | 5 6 7 |  7.7
Stealth        | 5 6 7 |  7.4
Ice Magic      | 8 |  8.8

Action                   |  1- 3 |  4- 6 |  7- 9 | 10-12 || total
-------------------------+-------+-------+-------+-------++-------
Melee: Dagger            |    22 |       |       |       ||    22
       Unarmed           |     2 |       |       |       ||     2
       Bite              |     4 |     3 |    11 |     5 ||    23
       Short sword       |    30 |    40 |       |       ||    70
       Battleaxe         |       |    21 |   161 |    51 ||   233
 Cast: Freeze            |    32 |    10 |     4 |     2 ||    48
       Frozen Ramparts   |       |     7 |    11 |     5 ||    23
       Ozocubu's Armour  |       |     2 |     3 |       ||     5
       Hailstorm         |       |       |     8 |    24 ||    32
       Summon Ice Beast  |       |       |    31 |    21 ||    52
Invok: Channel Magic     |       |       |       |     1 ||     1
Evoke: Wand              |       |       |     1 |     7 ||     8
  Use: Potion            |       |     3 |     3 |     2 ||     8
       Scroll            |       |       |    12 |     4 ||    16
 Stab: Sleeping          |     2 |     4 |     3 |     3 ||    12
       Distracted        |       |       |     1 |       ||     1
Armor: Robe              |    15 |    18 |    15 |       ||    48
       Skin              |       |    10 |       |       ||    10
       Leather armour    |       |       |    20 |    35 ||    55
Dodge: Dodged            |    65 |    26 |   168 |    71 ||   330

Table legend: (Time is in decaauts)
 A = Elapsed time spent in this place.
 B = Non-inter-level travel time spent in this place.
 C = Inter-level travel time spent in this place.
 D = Time resting spent in this place.
 E = Time spent auto-exploring this place.
 F = Levels seen in this place.
 G = Mean time per level.
                   A        B        C        D        E       F      G
               +--------+--------+--------+--------+--------+-----+--------+
         Total |  12031 |  11289 |    742 |   1011 |   8924 |  11 | 1093.7 |
       Dungeon |  11763 |  11029 |    734 |   1011 |   8664 |  10 | 1176.3 |
        Temple |    268 |    260 |      8 |      0 |    260 |   1 |  268.0 |
               +--------+--------+--------+--------+--------+-----+--------+

Top non-repeatable levels by time:
     D:7: 1933 daAuts
     D:5: 1900 daAuts
     D:8: 1760 daAuts
     D:6: 1520 daAuts
     D:9: 1125 daAuts
     D:2: 1054 daAuts
     D:3: 913 daAuts
     D:4: 872 daAuts
     D:1: 646 daAuts
  Temple: 268 daAuts
    D:10: 36 daAuts
